 Dungeon Crawl Stone Soup version 0.30-a0-696-g2367cd04db (webtiles) character file.

Game seed: 3344437346712113463

1426 lessens the Cleaver (level 8, -1/60 HPs)
             Began as a Demigod Warper on Jan 20, 2023.
             Slain by a wolf (5 damage)
             ... led by Grum
             ... on level 8 of the Dungeon.
             The game lasted 00:08:31 (4831 turns).

lessens the Cleaver (Demigod Warper)                Turns: 4831, Time: 00:08:31

Health: -1/60      AC:  6    Str: 20    XL:     8   Next: 20%
Magic:  13/13      EV:  8    Int: 15    God:
Gold:   300        SH:  5    Dex: 13    Spells: 10/10 levels left

rFire   . . .      SeeInvis .    b - +2 dagger (venom)
rCold   . . .      Faith    .    (no shield)
rNeg    . . .      Spirit   .    p - +0 chain mail
rPois   +          Reflect  +    (no helmet)
rElec   .          Harm     .    x - +1 cloak
rCorr   .          Rampage  .    (no gloves)
Will    .....                    (no boots) Stlth
                                 k - amulet of reflection
HPRegen 0.30/turn                g - ring of poison resistance
MPRegen 0.13/turn                y - +4 ring of protection

@: corroded
A: high MP 1, forlorn, divine attributes
a: no special abilities


You were on level 8 of the Dungeon.
You visited 1 branch of the dungeon, and saw 6 of its levels.

You collected 300 gold pieces.

Inventory:

Hand Weapons
 a - a +0 hand axe
 b - a +2 dagger of venom (weapon)
Missiles
 d - 6 boomerangs of dispersal
 e - 52 stones (quivered)
 l - 2 throwing nets
 C - 3 boomerangs
 F - 2 poisoned darts
Armour
 p - a +0 chain mail (worn)
 x - a +1 cloak (worn)
 E - a +0 leather armour
Jewellery
 f - a ring of see invisible
 g - a ring of poison resistance (left hand)
 i - a ring of protection from fire
 k - an amulet of reflection (around neck)
 o - a +6 ring of dexterity
 y - a +4 ring of protection (right hand)
Wands
 A - a wand of iceblast (2)
Scrolls
 c - a scroll of blinking
 r - 4 scrolls of identify
 s - 3 scrolls of silence
 v - a scroll of enchant weapon
Potions
 j - a potion of lignification
 n - a potion of haste {unknown}
 q - a potion of might
 u - a potion of cancellation {unknown}
 z - a potion of ambrosia {unknown}
 B - 2 potions of mutation {unknown}


   Skills:
 - Level 1.7 Fighting
 + Level 9.8 Axes
 - Level 0.8 Throwing
 - Level 0.8 Armour
 - Level 1.7 Dodging
 - Level 1.7 Spellcasting
 - Level 2.6 Translocations


You had 10 spell levels left.
You didn't know any spells.
Your spell library contained the following spells:

 Spells                   Type           Power      Damage    Failure   Level
 Blink                    Tloc           18%        N/A       80%         2
 Lesser Beckoning         Tloc           18%        N/A       80%         2
 Teleport Other           Tloc           9%         N/A       95%         3
 Vhi's Electric Charge    Tloc/Air       10%        N/A       99%         3
 Manifold Assault         Tloc           9%         N/A       100%        4


Dungeon Overview and Level Annotations

Branches:
Dungeon (5/15) Zot: 26699
 Temple: D:4-7


Innate Abilities, Weirdness & Mutations

You have an increased reservoir of magic. (+10% MP)
You shall have no god before yourself.
Your divine heritage dramatically boosts your attributes as you level up.


Message History

The wolf is moderately wounded.
The wolf bites you but does no damage. x2
You closely miss the wolf.
The wolf is moderately wounded.
You block the wolf's attack. The wolf bites you.
* * * LOW HITPOINT WARNING * * *
You hit the wolf but do no damage.
The wolf is poisoned.
The wolf is moderately wounded.
The wolf bites you but does no damage.
You hit the wolf but do no damage.
The wolf looks as sick as possible!
The wolf is moderately wounded.
The wolf bites you!
* * * LOW HITPOINT WARNING * * *
The wolf bites you.
* * * LOW HITPOINT WARNING * * *
You feel much better. The wolf bites you but does no damage.
You block the wolf's attack.
You hit the wolf but do no damage.
The wolf looks as sick as possible!
The wolf is heavily wounded.
The wolf bites you but does no damage. x2
You hit the wolf but do no damage.
The wolf looks as sick as possible!
The wolf is heavily wounded.
You feel less wooden.
Your +1 cloak unmelds from your body.
Your +0 chain mail unmelds from your body.
You block the wolf's attack.
You miss the wolf.
The wolf is heavily wounded.
The wolf bites you.
* * * LOW HITPOINT WARNING * * *
The wolf bites you!
* * * LOW HITPOINT WARNING * * *
The wolf attacks as you move away! The wolf bites you.
* * * LOW HITPOINT WARNING * * *
The wolf closely misses you.
You kill the wolf!
The wolf attacks as you move away! The wolf barely misses you.
You block the wolf's attack. The wolf bites you.
You die...

.....# .. #.....#
.....## ##.###....#
P.....## ... #....#
P......## #..#....#
P.)....># #..##†###
P.......#######
#....#
.....#.{oo)o..#
###..#
.....########.######
#..# ≈.####
#..h@..#######.# ≈.
######.........# ≈.
########### ≈


You could see a wolf.

Vanquished Creatures
  Grinder (D:4)
  Grum (D:8)
  A black bear (D:4)
  An ogre (D:5)
  2 wolves (D:8)
  2 centaurs
  A phantom (D:4)
  6 killer bees (D:8)
  2 hounds
  An orc priest (D:5)
  4 gnolls (D:5)
  4 adders
  2 worms (D:2)
  3 dart slugs
  5 orcs (D:5)
  6 endoplasms
  4 giant cockroaches
  9 goblins
  4 hobgoblins
  3 jackals (D:3)
  5 quokkas
  6 ball pythons
  5 bats
  3 frilled lizards
  3 kobolds
  6 rats
90 creatures vanquished.

Vanquished Creatures (others)
  2 fungi (D:8)
2 creatures vanquished.

Grand Total: 92 creatures vanquished

Notes
Turn   | Place    | Note
-------+----------+-------------------------------------------
     0 | D:1      | lessens the Demigod Warper began the quest for the Orb.
     0 | D:1      | Reached XP level 1. HP: 17/17 MP: 5/5
    68 | D:1      | Reached skill level 2 in Axes
   210 | D:1      | Reached XP level 2. HP: 23/24 MP: 7/7
   609 | D:1      | Reached skill level 3 in Axes
  1175 | D:2      | Reached XP level 3. HP: 19/29 MP: 8/8
  2084 | D:3      | Reached skill level 4 in Axes
  2558 | D:3      | Reached XP level 4. HP: 36/36 MP: 9/9
  3266 | D:5      | Entered Level 5 of the Dungeon
  3266 | D:5      | Noticed Grinder
  3283 | D:5      | Noticed a black bear
  3327 | D:4      | Killed a black bear
  3328 | D:4      | Reached skill level 5 in Axes
  3328 | D:4      | Reached XP level 5. HP: 16/41 MP: 10/10
  3456 | D:5      | Noticed an ogre
  3470 | D:5      | Killed an ogre
  3471 | D:5      | Reached skill level 6 in Axes
  3471 | D:5      | Reached XP level 6. HP: 39/48 MP: 11/11
  3960 | D:5      | Paralysed by Grinder for 2 turns
  3965 | D:5      | Paralysed by Grinder for 2 turns
  3980 | D:4      | Killed Grinder
  3981 | D:4      | Reached skill level 7 in Axes
  3981 | D:4      | Reached XP level 7. HP: 16/53 MP: 12/12
  4337 | D:5      | Reached skill level 8 in Axes
  4527 | D:5      | You fall into a shaft and drop 3 floors!
  4762 | D:8      | Reached skill level 9 in Axes
  4770 | D:8      | Noticed Grum
  4796 | D:8      | Reached XP level 8. HP: 30/60 MP: 13/13
  4815 | D:8      | Killed Grum
  4822 | D:8      | HP: 4/90 [wolf[Grum] (1)]
  4827 | D:8      | HP: 3/60 [wolf[Grum] (3)]
  4831 | D:8      | Slain by a wolf

Illustrated notes

Levels and vault maps discovered:
D:1:      dpeg_arrival_lava_altar, layout_loops_cross,
          chequers_serial_rivers_small_b
D:2:      layout_loops_ring
D:3:      layout_loops_ring, mainiacjoe_overflow_catwalk,
          nicolae_overflow_hidden_temple, lemuel_crystal_altar,
          mainiacjoe_overflow_small_starburst, hangedman_feature_mirror
D:4:      layout_cave_pools, overflow_temple_1_default,
          mainiacjoe_overflow_surrounded_room, kennysheep_mini_moat
D:5:      layout_gridville, lemuel_doored_altar, mainiacjoe_overflow_alcove_1,
          uniq_grinder, uniq_edmund
D:8:      layout_rooms, lemuel_round_altar,
          mainiacjoe_overflow_concentric_impassable,
          mainiacjoe_overflow_boulevard, nicolae_ossuary_entry_false_entrances,
          uniq_pikel, uniq_grum

Skill      XL: |  1  2  3  4  5  6  7 |
---------------+----------------------+-----
Axes           | 2 3 4 5 6 7 9 |  9.8
Fighting       | |  1.7
Throwing       | |  0.8
Armour         | |  0.8
Dodging        | |  1.7
Spellcasting   | |  1.7
Translocations | |  2.6

Action                   |  1- 3 |  4- 6 |  7- 9 || total
-------------------------+-------+-------+-------++-------
Melee: Hand axe          |   193 |   112 |    14 ||   319
       Punch             |     2 |     1 |       ||     3
       Dagger            |       |    22 |    66 ||    88
Throw: Throwing net      |       |     3 |       ||     3
       Dart              |       |     4 |       ||     4
       Boomerang         |       |     1 |       ||     1
       Stone             |       |     2 |     1 ||     3
Evoke: Wand              |       |     5 |       ||     5
  Use: Scroll            |       |       |     7 ||     7
       Potion            |       |       |     5 ||     5
Armor: Leather armour    |    20 |       |       ||    20
       Chain mail        |    47 |    92 |    55 ||   194
       Skin              |       |       |    26 ||    26
Dodge: Dodged            |    88 |    56 |    49 ||   193
Block: Other             |    36 |    28 |    27 ||    91
       Reflection        |       |       |     1 ||     1

Table legend: (Time is in decaauts)
 A = Elapsed time spent in this place.
 B = Non-inter-level travel time spent in this place.
 C = Inter-level travel time spent in this place.
 D = Time resting spent in this place.
 E = Time spent auto-exploring this place.
 F = Levels seen in this place.
 G = Mean time per level.
                   A        B        C        D        E       F      G
               +--------+--------+--------+--------+--------+-----+--------+
         Total |   4858 |   4554 |    304 |    676 |   2872 |   6 |  809.7 |
       Dungeon |   4858 |   4554 |    304 |    676 |   2872 |   6 |  809.7 |
               +--------+--------+--------+--------+--------+-----+--------+

Top non-repeatable levels by time:
     D:1: 1081 daAuts
     D:4: 1047 daAuts
     D:2: 903 daAuts
     D:5: 786 daAuts
     D:3: 739 daAuts
     D:8: 299 daAuts
